 Dungeon Crawl Stone Soup version 0.25.0-9-g26727b657a (webtiles) character file.

Game seed: 2119111783688793072

9398 funkygono the Basher (level 11, -1/68 HPs)
             Began as a Gargoyle Monk on June 18, 2020.
             Was a High Priest of Okawaru.
             Slain by a death yak (9 damage)
             ... on level 11 of the Dungeon.
             The game lasted 00:26:28 (10326 turns).

funkygono the Basher (Gargoyle Monk)               Turns: 10326, Time: 00:26:29

Health: -1/68      AC: 33    Str: 19    XL:     11   Next: 45%
Magic:  12/12      EV:  3    Int: 10    God:    Okawaru [*****.]
Gold:   1077       SH: 13    Dex: 12    Spells: 10/10 levels left

rFire    . . .     SeeInvis .   y - +4 morningstar (freeze)
rCold    . . .     Gourm    .   E - -1 tower shield
rNeg     + + .     Faith    .   j - +0 plate armour
rPois    ∞         Spirit   .   i - +1 helmet
rElec    +         Reflect  .   (no cloak)
rCorr    .         Harm     .   g - +2 pair of gloves
MR       .....                  C - +0 pair of boots
Stlth    ..........             p - amulet of regeneration
HPRegen  0.61/turn              n - ring of positive energy
MPRegen  0.13/turn              b - +4 ring of protection

@: no status effects
A: negative energy resistance 1, electricity resistance, unbreathing,
petrification resistance, rot immunity, AC +8
a: Heroism, Finesse, Renounce Religion


You were on level 11 of the Dungeon.
You worshipped Okawaru.
Okawaru was extremely pleased with you.
You were hungry.

You visited 2 branches of the dungeon, and saw 12 of its levels.
You also visited: Bailey.

You collected 1077 gold pieces.

Inventory:

Hand Weapons
 a - a +0 mace of freezing
 r - a +3 hunting sling
 s - a +0 flail of protection
 u - a +0 long sword
 y - a +4 morningstar of freezing (weapon)
Missiles
 f - 400 stones (quivered)
 h - 60 bolts
Armour
 g - a +2 pair of gloves (worn)
 i - a +1 helmet (worn)
 j - a +0 plate armour (worn)
 z - +0 acid dragon scales
 C - a +0 pair of boots (worn)
 E - a -1 tower shield (worn)
 H - the +1 robe "Fianube" {*Corrode rElec Str+3}
   (You found it in a bailey)

   It affects your strength (+3).
   It insulates you from electricity.
   It may corrode you when you take damage.
Jewellery
 b - a +4 ring of protection (right hand)
 n - a ring of positive energy (left hand)
 p - an amulet of regeneration (around neck)
 D - an uncursed ring of fire
 G - an uncursed amulet of magic regeneration
Wands
 l - a wand of acid (6)
 q - a wand of flame (14)
 t - a wand of disintegration (20)
 x - a wand of random effects (6)
 K - a wand of paralysis (9)
Scrolls
 m - 4 scrolls of remove curse
 v - a scroll of fear
 w - 2 scrolls of identify
Potions
 d - 2 potions of lignification
 e - a potion of curing
 k - 2 potions of invisibility
 o - 2 potions of resistance
 A - 3 potions of heal wounds
 F - a potion of brilliance
 I - 2 potions of berserk rage
Comestibles
 c - 8 rations
 B - 2 chunks of flesh


   Skills:
 + Level 8.0 Fighting
 + Level 12.6 Maces & Flails
 + Level 9.0 Armour
 + Level 3.4 Dodging
 + Level 3.0 Stealth
 + Level 4.8 Shields
 + Level 1.1 Invocations
 + Level 1.9 Evocations


You had 10 spell levels left.
You didn't know any spells.
Your spell library contained the following spells:

 Spells                   Type           Power        Failure   Level  Hunger
 Infusion                 Chrm           #...         100%        1    ##.....
 Shroud of Golubria       Chrm/Tloc      #.....       100%        2    ###....
 Song of Slaying          Chrm           #.......     100%        2    ###....
 Ozocubu's Armour         Chrm/Ice       #.......     100%        3    ####...
 Spectral Weapon          Hex/Chrm       #.......     100%        3    ####...


Dungeon Overview and Level Annotations

Branches:
Dungeon (11/15)            Temple (1/1) D:6          Bailey (visited)
   Lair: D:8-11         Orc: D:9-12

Altars:
Ashenzari
Cheibriados
Dithmenos
Elyvilon
Fedhas
Gozag
Hepliaklqana
Kikubaaqudgha
Makhleb
Nemelex Xobeh
Okawaru
Qazlal
Ru
Sif Muna
Trog
Uskayaw
Vehumet
Wu Jian
Xom
Yredelemnul
Zin
The Shining One


Innate Abilities, Weirdness & Mutations

You are resistant to torment.
Your stone body is resilient. (AC +8)
You are immune to poison.
You resist negative energy. (rN+)
You are resistant to electric shocks. (rElec)
You can survive without breathing.
You are immune to petrification.
You are immune to rotting.


Message History

You block the death yak's attack.
Your shield and plate armour prevent you from hitting the death yak.
The death yak is lightly wounded.
The death yak gores you but does no damage.
Your shield and plate armour prevent you from hitting the death yak.
The death yak is lightly wounded.
The death yak gores you but does no damage.
You completely miss the death yak.
The death yak is lightly wounded.
You block the death yak's attack.
You puncture the death yak! You freeze the death yak.
The death yak is moderately wounded.
The death yak gores you!
* * * LOW HITPOINT WARNING * * *
The death yak gores you.
* * * LOW HITPOINT WARNING * * *
You puncture the death yak! You freeze the death yak.
The death yak is heavily wounded.
The death yak gores you!
You die...

..... .....
.....#########+##
.................
.................
...[....(<...$...
####...........
#†########## #@#
#Y+ +Y# ##Y ..
... .... ..#.Y
......


You could see 3 death yaks.

Vanquished Creatures
  Erolcha (D:9)
  2 two-headed ogres
  An unseen horror (D:10)
  A manticore (D:11)
  Maggie (D:6)
  A hornet (D:9)
  2 hippogriffs
  A wyvern (D:9)
  A water moccasin (D:10)
  An ice beast (D:10)
  6 orc warriors
  A phantom (D:9)
  A black bear (D:7)
  A necrophage (D:8)
  4 ogres
  5 centaurs
  A big kobold (D:8)
  5 bullfrogs
  2 wyvern zombies
  A water moccasin zombie (D:8)
  A wyvern skeleton (D:8)
  5 scorpions
  5 killer bees (D:9)
  2 howler monkeys
  4 wights (D:6)
  3 crimson imps
  2 bullfrog zombies
  3 centaur zombies
  A quasit (D:10)
  3 jellies
  2 bullfrog skeletons
  6 hounds
  12 orc wizards
  5 orc priests
  A centaur skeleton (D:5)
  Natasha (thrice) (D:4)
  4 iguanas
  9 worker ants
  2 killer bee zombies
  A worker ant zombie (D:7)
  A gnoll (Bailey)
  A howler monkey skeleton (D:2)
  16 adders
  A shadow imp (D:9)
  3 oozes
  An adder zombie (D:5)
  An adder skeleton (D:7)
  3 worms (D:2)
  2 dart slugs
  2 leopard geckos
  46 orcs
  12 bats
  6 giant cockroaches
  6 hobgoblins
  10 jackals
  22 kobolds
  5 quokkas
  8 ball pythons
  4 frilled lizards
  A giant cockroach zombie (D:6)
  10 goblins
  10 rats
  2 butterflies (D:6)
286 creatures vanquished.

Vanquished Creatures (others)
  A black bear (D:7)
  A centaur zombie (D:7)
  A hound skeleton (D:7)
  A gnoll (D:7)
  A leopard gecko (D:7)
  2 orcs (D:7)
7 creatures vanquished.

Grand Total: 293 creatures vanquished

Notes
Turn   | Place    | Note
-------+----------+-------------------------------------------
     0 | D:1      | funkygono the Gargoyle Monk began the quest for the Orb.
     0 | D:1      | Reached XP level 1. HP: 14/14 MP: 1/1
   335 | D:1      | Reached XP level 2. HP: 19/19 MP: 2/2
   701 | D:2      | Reached XP level 3. HP: 23/23 MP: 3/3
   918 | D:2      | Reached XP level 4. HP: 23/29 MP: 4/4
  1129 | D:2      | Reached skill level 4 in Maces & Flails
  1463 | D:2      | Reached skill level 1 in Armour
  1685 | D:2      | Reached XP level 5. HP: 29/33 MP: 5/5
  2044 | D:3      | Reached skill level 5 in Maces & Flails
  2202 | D:3      | Reached XP level 6. HP: 32/38 MP: 6/6
  2999 | D:4      | Found a radiant altar of Vehumet.
  3273 | D:4      | Reached skill level 6 in Maces & Flails
  3373 | D:4      | Noticed Natasha
  3380 | D:4      | Killed Natasha
  3723 | D:4      | Found a stormy altar of Qazlal.
  3723 | D:4      | Found a shadowy altar of Dithmenos.
  4046 | D:4      | Noticed Natasha
  4064 | D:4      | Killed Natasha
  4064 | D:4      | Reached XP level 7. HP: 33/44 MP: 7/7
  4366 | D:4      | Noticed Natasha
  4383 | D:4      | Killed Natasha
  4455 | D:5      | Entered Level 5 of the Dungeon
  5158 | D:6      | Reached skill level 5 in Fighting
  5173 | D:6      | Reached XP level 8. HP: 49/49 MP: 8/8
  5193 | D:6      | Reached skill level 7 in Maces & Flails
  5272 | D:6      | Reached skill level 5 in Armour
  5360 | D:6      | Noticed Maggie
  5403 | D:6      | Found a staircase to the Ecumenical Temple.
  5616 | D:6      | Killed Maggie
  5616 | D:6      | Reached skill level 8 in Maces & Flails
  5674 | D:6      | Reached XP level 9. HP: 54/54 MP: 9/9
  5695 | D:6      | Reached skill level 1 in Evocations
  5946 | Temple   | Entered the Ecumenical Temple
  6042 | Temple   | Became a worshipper of Warmaster Okawaru
  6042 | Temple   | Reached * piety under Okawaru
  6042 | Temple   | Reached ** piety under Okawaru
  6229 | D:7      | Found a shimmering altar of Xom.
  6490 | D:7      | Found an ornate altar of the Wu Jian Council.
  6490 | D:7      | Found a shimmering blue altar of Sif Muna.
  6603 | D:7      | Reached skill level 9 in Maces & Flails
  6937 | D:7      | Found a shimmering altar of Xom.
  6938 | D:7      | Found a hazy altar of Hepliaklqana.
  6939 | D:7      | Noticed a spectral ugly thing
  7282 | D:8      | Noticed a two-headed ogre
  7292 | D:8      | Killed a two-headed ogre
  7292 | D:8      | Reached *** piety under Okawaru
  7292 | D:8      | Reached skill level 10 in Maces & Flails
  7598 | D:8      | Reached XP level 10. HP: 61/61 MP: 11/11
  7652 | D:8      | Found a burning altar of Makhleb.
  8023 | D:9      | Noticed Erolcha
  8038 | D:9      | Killed Erolcha
  8038 | D:9      | Reached skill level 11 in Maces & Flails
  8578 | D:9      | Reached skill level 1 in Invocations
  8619 | D:9      | Found a flagged portal.
  8632 | Bailey   | Entered a bailey
  8700 | Bailey   | Reached **** piety under Okawaru
  8700 | Bailey   | Reached skill level 1 in Shields
  8701 | Bailey   | Found a bloodstained altar of Trog.
  8749 | Bailey   | Got a crude robe
  8760 | Bailey   | Identified the +1 robe "Fianube" {*Corrode rElec Str+3}
                  | (You found it in a bailey)
  9387 | D:9      | Found an ancient bone altar of Kikubaaqudgha.
  9464 | D:10     | Entered Level 10 of the Dungeon
  9464 | D:10     | Noticed a two-headed ogre
  9496 | D:10     | Killed a two-headed ogre
  9496 | D:10     | Reached skill level 12 in Maces & Flails
  9496 | D:10     | Reached XP level 11. HP: 44/67 MP: 9/12
 10203 | D:10     | Killed an unseen horror
 10290 | D:11     | Noticed a manticore
 10296 | D:11     | Noticed a death yak
 10296 | D:11     | Noticed a death yak
 10296 | D:11     | Noticed a death yak
 10300 | D:11     | Noticed a death yak
 10301 | D:11     | Noticed a death yak
 10314 | D:11     | Killed a manticore
 10314 | D:11     | Reached ***** piety under Okawaru
 10326 | D:11     | Slain by a death yak

Illustrated notes

Levels and vault maps discovered:
D:1:      minmay_arrival_three_doors, layout_loops_ring, minivault_23
D:2:      layout_basic, minmay_snake_closets
D:3:      layout_rooms, first_ration, serial_park_tiny_pond
D:4:      layout_layer_cave, vehumet_altar_wand_db,
          gammafunk_temple_overflow_elements, uniq_natasha
D:5:      layout_rooms
D:6:      layout_basic, minmay_temple_entry_butterflies, uniq_maggie
D:7:      layout_basic, regret_index_temple_of_mockery,
          gammafunk_temple_overflow_wave, xom_confusion_cloud
D:8:      layout_basic, bloody_makhleb
D:9:      layout_layer_cave, kennysheep_mini_moat, enter_bailey_2, uniq_erolcha
D:10:     layout_irregular_city, kennysheep_generic_room_11
D:11:     layout_irregular_city, dpeg_lair_monsters,
          minmay_orc_entry_temple_small, portal_ice_cave_rime, uniq_nergalle,
          uniq_snorg
Temple:   oiseaux_autumnal_temple

Skill      XL: |  1  2  3  4  5  6  7  8  9 10 11 |
---------------+----------------------------------+-----
Maces & Flails | 4 5 6 8 10 12 | 12.6
Armour         | 1 2 4 6 7 8 9 |  9.0
Fighting       | 4 5 6 7 8 |  8.0
Evocations     | 1 |  1.9
Dodging        | 3 |  3.4
Stealth        | 3 |  3.0
Invocations    | 1 |  1.1
Shields        | 2 4 |  4.8

Action                   |  1- 3 |  4- 6 |  7- 9 | 10-12 || total
-------------------------+-------+-------+-------+-------++-------
Melee: Mace              |   112 |   380 |   327 |       ||   819
       Unarmed           |       |       |    10 |       ||    10
       Morningstar       |       |       |    84 |   392 ||   476
       Flail             |       |       |    40 |       ||    40
Invok: Heroism           |       |       |     3 |     8 ||    11
Evoke: Wand              |       |     8 |    12 |       ||    20
  Use: Scroll            |     2 |     8 |     9 |     5 ||    24
       Potion            |       |       |       |     2 ||     2
 Stab: Sleeping          |     1 |       |     1 |       ||     2
  Eat: Chunk             |       |     9 |     7 |     9 ||    25
       Ration            |       |     1 |     1 |       ||     2
Armor: Robe              |     9 |       |       |       ||     9
       Plate armour      |   118 |   342 |   388 |   397 ||  1245
       Skin              |       |       |     1 |       ||     1
Dodge: Dodged            |    41 |   129 |   171 |   114 ||   455
Block: Tower shield      |       |       |       |   260 ||   260
